 Dungeon Crawl Stone Soup version 0.28-a0-1518-gbe868bca14 (webtiles) character file.

Game seed: 11672555730730651065

7352 flyleaff the Cleaver (level 10, -17/71 HPs)
             Began as a Demonspawn Chaos Knight on Jan 16, 2022.
             Was a Plaything of Xom.
             Demolished by a two-headed ogre (24 damage)
             ... on level 8 of the Dungeon.
             The game lasted 00:22:28 (8863 turns).

flyleaff the Cleaver (Demonspawn Chaos Knight)      Turns: 8863, Time: 00:22:30

Health: -17/71     AC:  8    Str: 17    XL:     10   Next: 91%
Magic:  0/10       EV: 14    Int: 13    God:    Xom [.*....]
Gold:   382        SH:  0    Dex: 19    Spells: 7/9 levels left

rFire   . . .      SeeInvis .   c - +8 broad axe of Haloymor {spect, rElec rPois rC+ rN+}
rCold   + . .      Faith    .   (no shield)
rNeg    + . .      Spirit   +   u - +2 steam dragon scales
rPois   +          Reflect  .   (no helmet)
rElec   +          Harm     .   p - +0 cloak
rCorr   .          Rampage  .   (no gloves)
Will    .....                   (no boots)
Stlth   +++.......              (no amulet)
HPRegen 0.21/turn               t - +6 ring of dexterity
MPRegen 0.24/turn               (no ring)

@: no status effects
A: thin metallic scales 1, powered by death 2, magic shield, magic regeneration,
weakness stinger 1, camouflage 1, deformed body, frail 1
a: Renounce Religion


You were on level 8 of the Dungeon.
You worshipped Xom.
You were a plaything of Xom.
You visited 1 branch of the dungeon, and saw 8 of its levels.
You also visited: Bailey.

You collected 382 gold pieces.

Inventory:

Hand Weapons
 a - a +0 spear of chaos
 c - the +8 broad axe of Haloymor (weapon) {spect, rElec rPois rC+ rN+}
   (You acquired it on level 1 of the Dungeon)

   When its wielder attacks, the weapon's spirit leaps out and strikes again.
   The spirit shares a part of any damage it takes with its wielder.
   rC:        It protects you from cold.
   rElec:     It insulates you from electricity.
   rPois:     It protects you from poison.
   rN:        It protects you from negative energy.
 o - a +3 quarterstaff of chaos
 w - a +1 trident of protection
 G - a +2 demon trident of flaming
Missiles
 d - 205 stones
 e - 24 poisoned darts (quivered)
 f - 30 sling bullets
 g - 2 throwing nets
 i - 66 bolts
 m - 77 arrows
 n - 12 boomerangs
Armour
 b - a +2 leather armour
 l - a +0 leather armour of poison resistance
 p - a +0 cloak (worn)
 u - +2 steam dragon scales (worn)
 F - the +3 robe of Clouds {*Thunder rCloud rElec}
   (You found it in a bailey)

   It occasionally creates storm clouds above nearby enemies.
   It grants its wearer immunity to clouds.
   rElec:     It insulates you from electricity.
Jewellery
 t - a +6 ring of dexterity (left hand)
Wands
 s - a wand of flame (15)
 y - a wand of polymorph (5)
 A - a wand of acid (9)
 C - a wand of mindburst (17)
Scrolls
 q - a scroll of teleportation
 B - a scroll of summoning
 D - a scroll of fear
 H - a scroll of silence
Potions
 h - a potion of cancellation
 k - 2 potions of ambrosia
 r - a potion of heal wounds
 v - 2 potions of curing
 x - a potion of berserk rage
 z - a potion of magic {unknown}
 E - a potion of invisibility {unknown}
Miscellaneous
 j - a phial of floods


   Skills:
 + Level 7.1 Fighting
 * Level 12.6(12.8) Axes
 - Level 3.2(8.8) Polearms
 + Level 1.1 Throwing
 + Level 4.9 Armour
 + Level 3.6 Dodging


You had 7 spell levels left.
You knew the following spells:

 Your Spells              Type           Power      Damage    Failure   Level
a - Blink                 Tloc           0%         N/A       43%         2

Your spell library contained the following spells:

 Spells                   Type           Power      Damage    Failure   Level
 Apportation              Tloc           0%         N/A       30%         1
 Freeze                   Ice            0%         1d3       30%         1
 Frozen Ramparts          Ice            0%         1d2       67%         3
 Lesser Beckoning         Tloc           0%         N/A       67%         3
 Teleport Other           Tloc           0%         N/A       67%         3
 Tukima's Dance           Hex            0%         N/A       67%         3
 Hailstorm                Conj/Ice       0%         3d3       97%         4
 Iskenderun's Mystic Bla  Conj/Tloc      0%         2d3       97%         4
 Passage of Golubria      Tloc           0%         N/A       97%         4
 Manifold Assault         Tloc           0%         N/A       100%        5
 Yara's Violent Unravell  Hex/Tmut       0%         3d3       100%        5
 Disjunction              Tloc           0%         N/A       100%        8


Dungeon Overview and Level Annotations

Branches:
Dungeon (8/15)             Temple (0/1) D:6          Bailey (visited)
   Lair: D:8-11

Altars:
Xom
Zin

Portals:
Abyss: D:4

Annotations:
D:4 sirJeffrey23's ghost, amateur HOFi


Innate Abilities, Weirdness & Mutations

You are partially covered in thin metallic scales. (AC +2)
You regenerate health from kills.
When hurt, damage is shared between your health and your magic reserves.
You regenerate magic rapidly.
You have a small tail.
Your skin changes colour to match your surroundings (Stealth+).
Armour fits poorly on your strangely shaped body.
You are frail. (-10% HP)


Message History

There is a shaft here.
You open the door.
A two-headed ogre comes into view.
It is wielding a +0 giant spiked club and a +0 giant club.
The two-headed ogre shouts in stereo!
A two-headed ogre is nearby!
A two-headed ogre is nearby!
A two-headed ogre is nearby!
A two-headed ogre is nearby!
The two-headed ogre hits you with a +0 giant spiked club!
The two-headed ogre hits you with a +0 giant club!
You barely miss the two-headed ogre. You tail-slap the two-headed ogre.
The two-headed ogre is lightly wounded.
The two-headed ogre closely misses you.
The two-headed ogre completely misses you.
You slash the two-headed ogre! You punch the two-headed ogre.
The two-headed ogre is moderately wounded.
The two-headed ogre hits you with a +0 giant spiked club!!
The two-headed ogre barely misses you.
You are too injured to fight recklessly!
You are too injured to fight recklessly!
You are too injured to fight recklessly!
You slash the two-headed ogre!
The two-headed ogre is heavily wounded.
You slash the two-headed ogre! You tail-slap the two-headed ogre.
The two-headed ogre is severely wounded.
The two-headed ogre barely misses you.
The two-headed ogre hits you with a +0 giant club!
You barely miss the two-headed ogre.
The two-headed ogre is severely wounded.
The two-headed ogre closely misses you. The two-headed ogre barely misses you.
You barely miss the two-headed ogre.
The two-headed ogre is heavily wounded.
You slash the two-headed ogre!
Your tail-slap misses the two-headed ogre.
The two-headed ogre is severely wounded.
The two-headed ogre hits you with a +0 giant spiked club!!
* * * LOW HITPOINT WARNING * * *
The two-headed ogre hits you with a +0 giant club!!
You die...
Xom is highly amused!

#####.# ......#
####..###########
##...........##
#.###.#####..#
### #.# ##.# #.#
#.# #.# #.# #.#
#@# #.# #O# #.#
#.# #.# #.# #.#
..# ..# ..#


You could see a two-headed ogre.

Vanquished Creatures
  A two-headed ogre (D:7)
  An orc high priest (Bailey)
  Pikel (D:7)
  5 orc knights (Bailey)
  A kobold demonologist (Bailey)
  A troll (D:7)
  A steam dragon (D:4)
  Edmund (D:6)
  An ice beast (D:7)
  Duvessa (D:6)
  3 sky beasts (D:7)
  3 orc warriors (Bailey)
  2 necrophages
  2 black bears (D:5)
  2 phantoms (D:4)
  3 lemures
  2 kobold brigands (D:7)
  A wyvern zombie (D:5)
  2 scorpions (D:5)
  A wyvern skeleton (D:7)
  Dowan (D:6)
  5 electric eels
  3 small abominations (D:4)
  A bullfrog zombie (D:5)
  A jelly (D:7)
  A centaur zombie (D:7)
  Crazy Yiuf (D:3)
  3 hounds
  2 orc priests (D:4)
  A bullfrog skeleton (D:6)
  A centaur skeleton (D:6)
  2 iguanas (D:5)
  4 orc wizards
  A scorpion zombie (D:5)
  11 gnolls
  2 adders
  A shadow imp (D:4)
  4 white imps
  2 ufetubi (D:5)
  An adder skeleton (D:4)
  6 worms
  A dart slug (D:4)
  31 orcs
  4 bats
  6 endoplasms
  19 goblins
  11 hobgoblins
  3 jackals (D:4)
  2 quokkas
  8 ball pythons
  2 frilled lizards
  11 kobolds
  4 rats
191 creatures vanquished.

Vanquished Creatures (others)
  A rat (D:1)
1 creature vanquished.

Grand Total: 192 creatures vanquished

Notes
Turn   | Place    | Note
-------+----------+-------------------------------------------
     0 | D:1      | flyleaff the Demonspawn Chaos Knight began the quest for
                  | the Orb.
     0 | D:1      | Reached XP level 1. HP: 18/18 MP: 1/1
   140 | D:1      | XOM: silly message
   706 | D:1      | Gained mutation: You regenerate magic rapidly. [demonic
                  | ancestry]
   706 | D:1      | Reached XP level 2. HP: 21/24 MP: 2/2
   845 | D:1      | XOM: silly message
   991 | D:1      | XOM: 8-stop teleportation journey
  1244 | D:1      | XOM: summons 1 hostile demon
  1245 | D:1      | Noticed a crimson imp
  1318 | D:1      | XOM: summons 2 hostile shadow creatures
  1892 | D:1      | XOM: butterfly on damage
  2064 | D:1      | XOM: god gift: phial of floods
  2216 | D:1      | Identified a scroll of acquirement
  2219 | D:1      | Acquired the +8 broad axe of Haloymor {spect, rElec rPois
                  | rC+ rN+}
  2221 | D:1      | XOM: scenery: create altars
  2491 | D:2      | XOM: god gift: yellow potion {god gift}
  2516 | D:2      | Reached XP level 3. HP: 29/29 MP: 3/3
  2581 | D:2      | Reached skill level 1 in Dodging
  2779 | D:3      | XOM: noise
  2813 | D:3      | XOM: give mutations
  2813 | D:3      | Gained mutation: Armour fits poorly on your strangely
                  | shaped body. [Xom's mischief]
  2813 | D:3      | Gained mutation: Your skin changes colour to match your
                  | surroundings (Stealth+). [Xom's mischief]
  2813 | D:3      | Gained mutation: You are frail. (-10% HP) [Xom's mischief]
  2904 | D:3      | XOM: god gift: +1 barding of stealth
  2911 | D:3      | XOM: god gift: scroll labelled WUHAUL MAGAG {god gift}
  2996 | D:3      | Found a runed translucent door.
  2997 | D:3      | Noticed Crazy Yiuf
  3004 | D:3      | Killed Crazy Yiuf
  3005 | D:3      | Reached skill level 1 in Axes
  3005 | D:3      | Gained mutation: You have a small tail. [demonic ancestry]
  3005 | D:3      | Reached XP level 4. HP: 31/31 MP: 4/4
  3089 | D:3      | XOM: cloud trail
  3448 | D:3      | XOM: scenery: summon butterflies
  3723 | D:4      | XOM is BORED!
  3723 | D:4      | XOM: torment (17/31 hp)
  3961 | D:4      | Reached skill level 2 in Axes
  3980 | D:4      | Gained mutation: When hurt, damage is shared between your
                  | health and your magic reserves. [demonic ancestry]
  3980 | D:4      | Reached XP level 5. HP: 25/36 MP: 5/5
  4003 | D:4      | Reached skill level 3 in Axes
  4090 | D:4      | Noticed a phantom
  4090 | D:4      | XOM: 1-stop teleportation journey
  4096 | D:4      | Killed a phantom
  4252 | D:4      | Reached XP level 6. HP: 40/43 MP: 6/6
  4276 | D:4      | Reached skill level 4 in Axes
  4374 | D:4      | XOM: stat loss: -1 Int (12/13)
  4645 | D:4      | Noticed a steam dragon
  4650 | D:4      | Killed a steam dragon
  4651 | D:4      | Reached skill level 5 in Axes
  4651 | D:4      | Gained mutation: You regenerate a little health from kills.
                  | [demonic ancestry]
  4651 | D:4      | Reached XP level 7. HP: 39/47 MP: 5/7
  4810 | D:4      | Noticed sirJeffrey23's ghost (amateur HOFi)
  4820 | D:4      | Found a transporter.
  4821 | D:4      | Found a transporter.
  4959 | D:4      | XOM: summons 4 hostile demons
  4960 | D:4      | Noticed a ynoxinul
  4960 | D:4      | Noticed a soul eater
  5180 | D:4      | XOM: butterfly on damage
  5231 | D:4      | Reached skill level 6 in Axes
  5404 | D:4      | Found a one-way gate to the infinite horrors of the Abyss.
  5406 | D:4      | Got Lugonu's Volume of Dislocation
  5439 | D:5      | Entered Level 5 of the Dungeon
  5593 | D:5      | XOM: polymorph gnoll -> hound
  5640 | D:5      | Gained mutation: You regenerate health from kills. [demonic
                  | ancestry]
  5640 | D:5      | Reached XP level 8. HP: 54/54 MP: 8/8
  5648 | D:5      | Reached skill level 7 in Axes
  5671 | D:5      | Found a transporter.
  5845 | D:5      | Found a transporter.
  5928 | D:5      | XOM: stat loss: -1 Dex (12/13)
  5974 | D:5      | Noticed an angel
  6046 | D:5      | XOM: stat loss: -1 Int (12/13)
  6056 | D:5      | XOM: swap monsters
  6130 | D:5      | XOM: silly message
  6189 | D:5      | XOM: fog
  6257 | D:5      | XOM: draining
  6440 | D:6      | Noticed Edmund
  6446 | D:6      | Found a staircase to the Ecumenical Temple.
  6448 | D:6      | Killed Edmund
  6449 | D:6      | Reached skill level 5 in Fighting
  6458 | D:6      | Reached skill level 8 in Axes
  6469 | D:6      | Noticed Grinder
  6469 | D:6      | Noticed Duvessa
  6469 | D:6      | Noticed Dowan
  6473 | D:6      | Killed Duvessa
  6476 | D:6      | Killed Dowan
  6478 | D:6      | XOM: noise
  6479 | D:6      | XOM: swap monsters
  6484 | D:6      | XOM: swap monsters
  6485 | D:6      | XOM: enchant monster (bad)
  6489 | D:6      | Noticed Grinder
  6489 | D:6      | Grinder changed into Grinder the lemure
  6489 | D:6      | XOM: polymorph Grinder -> Grinder the lemure
  6494 | D:6      | Killed Grinder the lemure
  6517 | D:6      | Learned a level 2 spell: Blink
  6628 | D:6      | Found a shimmering altar of Xom.
  6631 | D:6      | Reached XP level 9. HP: 61/61 MP: 9/9
  6916 | D:7      | Noticed Pikel
  6923 | D:7      | Reached skill level 9 in Axes
  6925 | D:7      | Killed Pikel
  6940 | D:7      | Found a flagged portal.
  6949 | Bailey   | Entered a bailey
  6974 | Bailey   | Noticed an orc knight
  6980 | Bailey   | Killed an orc knight
  6981 | Bailey   | Reached skill level 10 in Axes
  7168 | Bailey   | Noticed a kobold demonologist
  7173 | Bailey   | Noticed a rust devil
  7173 | Bailey   | Killed a kobold demonologist
  7174 | Bailey   | Found the +3 robe of Clouds {*Thunder rCloud rElec}
  7187 | Bailey   | Found an iron altar of Okawaru.
  7187 | Bailey   | Noticed an orc high priest
  7187 | Bailey   | Noticed an orc knight
  7191 | Bailey   | XOM: confuse monster(s)
  7193 | Bailey   | Killed an orc knight
  7194 | Bailey   | Gained mutation: You are partially covered in thin metallic
                  | scales. (AC +2) [demonic ancestry]
  7194 | Bailey   | Reached XP level 10. HP: 44/68 MP: 7/10
  7194 | Bailey   | XOM: confuse monster(s)
  7196 | Bailey   | Killed an orc high priest
  7197 | Bailey   | Reached skill level 11 in Axes
  7307 | Bailey   | Noticed an orc knight
  7315 | Bailey   | XOM: smoke on damage
  7317 | Bailey   | Killed an orc knight
  7538 | Bailey   | Noticed an orc knight
  7540 | Bailey   | Noticed an orc knight
  7542 | Bailey   | Killed an orc knight
  7545 | Bailey   | XOM: silly message
  7549 | Bailey   | XOM: smoke on damage
  7555 | Bailey   | XOM: confuse monster(s)
  7557 | Bailey   | Killed an orc knight
  7558 | Bailey   | Reached skill level 12 in Axes
  7681 | Bailey   | XOM: 3-stop teleportation journey
  7689 | Bailey   | XOM: 2-stop teleportation journey
  7860 | Bailey   | XOM: cloud trail
  8106 | D:7      | Noticed a two-headed ogre
  8112 | D:7      | Killed a two-headed ogre
  8114 | D:7      | Reached skill level 1 in Throwing
  8187 | D:7      | XOM: 8-stop teleportation journey
  8853 | D:8      | Noticed a two-headed ogre
  8863 | D:8      | Demolished by a two-headed ogre

Illustrated notes

Levels and vault maps discovered:
D:1:      dpeg_arrival_arbitrary_b, layout_basic, serial_forest,
          infiniplex_forest_lined_2, infiniplex_forest_clump_double,
          infiniplex_forest_clump_tiny, infiniplex_forest_straight_2,
          infiniplex_forest_pool, infiniplex_forest_zigzag_1,
          lemuel_flame_loot_1
D:2:      layout_rooms
D:3:      layout_basic, st_stairs_6, kennysheep_generic_room_6,
          uniq_crazy_yiuf_cottage
D:4:      layout_basic, gammafunk_ghost_abyssal_escape,
          hangedman_decor_clover_reticule, grunt_ministairs_13
D:5:      gammafunk_steamed_eel, layout_loops_ring, zin_angel, nicolae_wormholes
D:6:      layout_cave_pools, tgw_xom, minmay_temple_entry_grid, uniq_grinder,
          uniq_duvessa, uniq_edmund
D:7:      layout_rooms, enter_bailey_5, uniq_pikel
D:8:      layout_basic, serial_co_window_serial, co_window_corner_a,
          co_window_paths_a, co_window_paths_b, co_window_of_opportunity_a,
          co_window_corner_a, co_window_paths_a, co_window_paths_a,
          co_window_2corner, co_window_broadway_a, co_window_corner_b,
          co_window_broadway_b, co_window_corner_ca, co_window_broadway_c,
          co_window_unsneaky_path_c, co_window_paths_d, glass_columns_b,
          minmay_nine_imps

Skill      XL: |  1  2  3  4  5  6  7  8  9 10 |
---------------+-------------------------------+-----
Polearms       | 3 |  3.2
Armour         | 2 3 4 |  4.9
Dodging        | 1 2 3 |  3.6
Axes           | 1 2 3 5 6 8 10 12 | 12.6
Fighting       | 4 5 6 7 |  7.1
Throwing       | 1 |  1.1

Action                   |  1- 3 |  4- 6 |  7- 9 | 10-12 || total
-------------------------+-------+-------+-------+-------++-------
Melee: Spear             |    75 |       |       |       ||    75
       Broad axe         |    18 |    40 |   118 |    72 ||   248
       Punch             |     1 |       |     2 |     3 ||     6
       Tailslap          |       |     3 |    20 |    14 ||    37
Throw: Dart              |       |       |     3 |    17 ||    20
  Use: Scroll            |     8 |     4 |     9 |       ||    21
       Potion            |       |       |     7 |     1 ||     8
 Stab: Sleeping          |     2 |     1 |     4 |     4 ||    11
       Confused          |       |       |     1 |     4 ||     5
Armor: Leather armour    |    16 |    10 |    24 |       ||    50
       Steam dragon scal |       |       |     7 |    10 ||    17
Dodge: Dodged            |    34 |    18 |    75 |    26 ||   153

Table legend: (Time is in decaauts)
 A = Elapsed time spent in this place.
 B = Non-inter-level travel time spent in this place.
 C = Inter-level travel time spent in this place.
 D = Time resting spent in this place.
 E = Time spent auto-exploring this place.
 F = Levels seen in this place.
 G = Mean time per level.
                   A        B        C        D        E       F      G
               +--------+--------+--------+--------+--------+-----+--------+
         Total |   8913 |   8363 |    550 |    182 |   6733 |   9 |  990.3 |
       Dungeon |   7919 |   7369 |    550 |    182 |   5954 |   8 |  989.9 |
        Bailey |    993 |    993 |      0 |      0 |    779 |   1 |  993.0 |
               +--------+--------+--------+--------+--------+-----+--------+

Top non-repeatable levels by time:
     D:1: 2399 daAuts
     D:4: 1613 daAuts
     D:3: 1075 daAuts
     D:5: 994 daAuts
  Bailey: 993 daAuts
     D:7: 602 daAuts
     D:6: 493 daAuts
     D:2: 378 daAuts
     D:8: 362 daAuts
